 Dungeon Crawl Stone Soup version 0.21.0-3-g78d12a8 (webtiles) character file.

2988 Moloch the Severer (level 9, -5/79 HPs)
             Began as a Hill Orc Fighter on Jan 15, 2018.
             Slain by a two-headed ogre
             ... wielding a +0 giant spiked club
              (9 damage)
             ... on level 7 of the Dungeon.
             The game lasted 00:11:46 (6774 turns).

Moloch the Severer (Hill Orc Fighter)               Turns: 6774, Time: 00:11:46

Health: -5/79      AC: 15    Str: 21    XL:     9   Next: 83%
Magic:  9/9        EV:  3    Int:  6    God:
Gold:   196        SH:  9    Dex: 11    Spells: 8/8 levels left

rFire    . . .     SeeInvis .   a - +0 war axe
rCold    + . .     Gourm    .   c - +0 shield
rNeg     . . .     Faith    .   e - +0 plate armour
rPois    .         Spirit   .   y - +1 hat
rElec    .         Reflect  .   (no cloak)
rCorr    .         Harm     .   B - +2 pair of gloves {archery}
MR       .....                  (no boots)
Stlth    ..........             (no amulet)
HPRegen  0.23/turn              p - ring of protection from cold
MPRegen  0.11/turn              o - -2 ring of intelligence (curse)

@: no status effects
A: no striking features
a: no special abilities


You were on level 7 of the Dungeon.
You were not hungry.

You visited 2 branches of the dungeon, and saw 8 of its levels.
You also visited: Sewer.

You collected 398 gold pieces.
You spent 202 gold pieces at shops.

Inventory:

Hand Weapons
 a - a +0 war axe (weapon)
 j - a +1 morningstar of protection
 l - a +0 flail of protection
Armour
 c - a +0 shield (worn)
 e - a +0 plate armour (worn)
 y - a +1 hat (worn)
 B - a +2 pair of gloves of archery (worn)
Jewellery
 h - an uncursed ring of fire
 o - a cursed -2 ring of intelligence (right hand)
 p - a ring of protection from cold (left hand)
 w - an uncursed ring of protection from fire {unknown}
 A - a +3 ring of evasion {unknown}
Wands
 u - a wand of polymorph (3)
Scrolls
 b - 4 scrolls of teleportation {unknown}
 g - 2 scrolls of amnesia {unknown}
 i - a scroll of fear {unknown}
 s - 2 scrolls of blinking {unknown}
 v - 3 scrolls of enchant weapon {unknown}
 x - 2 scrolls of magic mapping {unknown}
 C - 2 scrolls of remove curse {unknown}
Potions
 d - a potion of might
 k - 4 potions of haste {unknown}
 m - 3 potions of curing
 n - 2 potions of flight {unknown}
 q - 2 potions of heal wounds
 r - 3 potions of agility
 t - a potion of mutation
 z - a potion of resistance
 F - a potion of brilliance {unknown}
Comestibles
 f - 10 rations
 D - 10 chunks of flesh


   Skills:
 + Level 7.5 Fighting
 * Level 15.0 Axes
 - Level 3.2 Armour
 - Level 3.2 Shields


You had 8 spell levels left.
You didn't know any spells.

Dungeon Overview and Level Annotations

Branches:
Dungeon (7/15)             Temple (1/1) D:5

Altars:
Dithmenos
Fedhas
Hepliaklqana
Kikubaaqudgha
Nemelex Xobeh
Qazlal
Ru
Sif Muna
Uskayaw
Vehumet
Wu Jian
Xom
Yredelemnul
The Shining One
Lugonu

Shops:
D:4 }   D:5 [


Message History

The two-headed ogre hits you but does no damage.
Unknown command.
You hit the two-headed ogre.
The two-headed ogre is almost dead.
Unknown command.
You hit the two-headed ogre.
The two-headed ogre is almost dead.
You block the two-headed ogre's attack. x2
You feel much better.
You hit the two-headed ogre but do no damage.
The two-headed ogre is almost dead.
The two-headed ogre hits you with a giant spiked club!
* * * LOW HITPOINT WARNING * * *
The two-headed ogre hits you but does no damage.
You hit the two-headed ogre but do no damage.
The two-headed ogre is almost dead.
The two-headed ogre hits you with a giant spiked club!!
* * * LOW HITPOINT WARNING * * *
The two-headed ogre hits you with a dire flail!
You die...

.......#... ###...
.....#.... ##..
.P.......#
#############.
.........#
#...........).
PP.....)a#
##.#########.#
.o....##o# #...#
##... ##..o #o#
###.#####..#. ....
#O# #.......##.
... #@#
####....### .. #.#
##...##.... .
#(######..########
#....))((##
##########


You could see a two-headed ogre, a worker ant and 2 orcs.

Vanquished Creatures
  A hippogriff (D:7)
  A hungry ghost (D:7)
  Edmund (D:6)
  Duvessa (D:7)
  An orc warrior (D:4)
  A black bear (D:7)
  Purgy (Sewer)
  2 ice beasts
  2 ogres (D:5)
  A sky beast (D:5)
  A necrophage (D:7)
  A phantom (D:5)
  A centaur (D:7)
  The ghost of barbarian the Firebug, an amateur DrFE (D:3)
  3 bullfrogs
  Dowan (D:7)
  A water moccasin skeleton (D:7)
  3 killer bees (D:7)
  5 wights (D:7)
  A howler monkey (D:7)
  A crimson imp (D:4)
  A jelly (D:5)
  A gnoll shaman (D:5)
  An orc priest (D:6)
  2 orc wizards
  5 worker ants
  Terence (D:2)
  An iguana (D:6)
  A hound zombie (D:7)
  3 worker ant zombies
  7 gnolls
  15 adders
  An ooze (D:2)
  A worm (D:5)
  3 dart slugs
  5 leopard geckos
  10 orcs
  4 ball pythons
  7 giant cockroaches
  4 goblins
  5 hobgoblins
  11 jackals
  15 kobolds
  4 quokkas
  6 bats
  6 frilled lizards
  A goblin skeleton (D:4)
  2 hobgoblin zombies (D:4)
  3 kobold skeletons (D:4)
  An orc skeleton (D:4)
  2 orc zombies (D:4)
  9 rats
169 creatures vanquished.

Vanquished Creatures (others)
  A withered plant (D:7)
1 creature vanquished.

Grand Total: 170 creatures vanquished

Notes
Turn   | Place    | Note
-------+----------+-------------------------------------------
     0 | D:1      | Moloch the Hill Orc Fighter began the quest for the Orb.
     0 | D:1      | Reached XP level 1. HP: 19/19 MP: 1/1
    95 | D:1      | Reached skill level 3 in Axes
   107 | D:1      | Reached XP level 2. HP: 21/27 MP: 2/2
   854 | D:2      | Reached skill level 4 in Axes
   854 | D:2      | Reached XP level 3. HP: 33/33 MP: 3/3
   973 | D:2      | Noticed Terence
   991 | D:2      | Killed Terence
   991 | D:2      | Reached skill level 5 in Axes
   991 | D:2      | Reached XP level 4. HP: 26/41 MP: 4/4
  1259 | D:2      | Found a blossoming altar of Fedhas.
  1347 | D:2      | Reached skill level 6 in Axes
  1347 | D:2      | Reached XP level 5. HP: 35/47 MP: 5/5
  1409 | D:2      | Found a radiant altar of Vehumet.
  1677 | D:3      | Noticed barbarian's ghost (amateur DrFE)
  1688 | D:3      | Killed barbarian's ghost
  1688 | D:3      | Reached skill level 7 in Axes
  1794 | D:3      | Found an ornate altar of the Wu Jian Council.
  1842 | D:3      | Found a basalt altar of Yredelemnul.
  1910 | D:3      | Found a glowing drain.
  1930 | D:3      | Reached XP level 6. HP: 53/53 MP: 6/6
  1964 | Sewer    | Entered a sewer
  2058 | Sewer    | Noticed Purgy
  2083 | Sewer    | Killed Purgy
  2083 | Sewer    | Reached skill level 5 in Fighting
  2083 | Sewer    | Reached skill level 8 in Axes
  2794 | D:4      | Found a glowing golden altar of the Shining One.
  2977 | D:4      | Reached XP level 7. HP: 46/61 MP: 7/7
  2993 | D:4      | Reached skill level 9 in Axes
  3111 | D:4      | Found Kemitic's Gadget Boutique.
  3414 | D:4      | Found a deep blue altar of Sif Muna.
  3530 | D:5      | Entered Level 5 of the Dungeon
  3897 | D:5      | Reached skill level 10 in Axes
  4133 | D:5      | Found Zun Ump's Antique Armour Shop.
  4143 | D:5      | Bought a pair of runed gloves for 202 gold pieces
  4309 | D:5      | Reached XP level 8. HP: 58/70 MP: 8/8
  4483 | D:5      | Reached skill level 11 in Axes
  4524 | D:5      | Found a staircase to the Ecumenical Temple.
  4588 | Temple   | Entered the Ecumenical Temple
  5362 | D:6      | Noticed Edmund
  5417 | D:6      | Killed Edmund
  5417 | D:6      | Reached skill level 12 in Axes
  5601 | D:6      | Found a sacrificial altar of Ru.
  5769 | D:7      | Reached XP level 9. HP: 62/77 MP: 9/9
  5769 | D:7      | Reached skill level 13 in Axes
  6513 | D:7      | Noticed Dowan
  6515 | D:7      | Noticed Duvessa
  6526 | D:7      | Reached skill level 14 in Axes
  6537 | D:7      | Killed Duvessa
  6576 | D:7      | Killed Dowan
  6639 | D:7      | Reached skill level 15 in Axes
  6750 | D:7      | Noticed a two-headed ogre
  6774 | D:7      | Slain by a two-headed ogre

Skill      XL: |  1  2  3  4  5  6  7  8  9 |
---------------+----------------------------+-----
Axes           | 3 4 5 6 7 8 10 12 15 | 15.0
Fighting       | 4 5 6 7 |  7.5
Armour         | |  3.2
Shields        | |  3.2

Action                   |  1- 3 |  4- 6 |  7- 9 || total
-------------------------+-------+-------+-------++-------
Melee: War axe           |   135 |   197 |   385 ||   717
Evoke: Wand              |       |       |     1 ||     1
  Use: Scroll            |       |     3 |     2 ||     5
       Potion            |       |       |     3 ||     3
  Eat: Chunk             |     1 |     6 |    13 ||    20
       Ration            |       |       |     1 ||     1
Armor: Plate armour      |   101 |   154 |   218 ||   473
       Scale mail        |     7 |       |       ||     7
Dodge: Dodged            |    12 |    22 |    39 ||    73
Block: Shield            |    72 |   113 |   169 ||   354
